TOP OF THE 1ST |
University of California Golden Bears batting - Pitching for Arizona State University Sun Devils : LHP Drew Huckeba
|
Pitching: LHP Drew Huckeba
|
|
Batting: LHB Jamel Alexander
|
0-0: Called Strike 0-1: Ball 1-1: Called Strike 1-2: Strikes out swinging
|
Batting: RHB Mike Jones
|
0-0: Ball 1-0: Foul Ball, location: 2F 1-1: Ball 2-1: Ground out 1-3 (Groundball, 13, EV 71.3 MPH)
|
Batting: LHB Corey Lewis
|
0-0: Foul Ball, location: 2F 0-1: Foul Ball, location: 2F 0-2: Strikes out swinging
|
Top of the 1st over - 0 runs, 0 hits, 0 errors, 0 left on base; University of California 0 - Arizona State University 0 |
BOTTOM OF THE 1ST |
Arizona State University Sun Devils batting - Pitching for University of California Golden Bears : LHP Nick Martin
|
Pitching: LHP Nick Martin
|
|
Batting: LHB Brent Dutcher
|
0-0: Ball 1-0: Ball 2-0: Ball 3-0: Called Strike 3-1: Called Strike 3-2: Base on Balls
|
Batting: RHB Preston Deakyne
|
0-0: Ball 1-0: Ball 2-0: Foul Ball, location: 2F 2-1: Swinging Strike 2-2: Strikes out swinging
|
Batting: LHB Brian Newton
|
0-0: Ball 1-0: Foul Ball, location: 2F 1-1: Ball 2-1: Ball 3-1: Grounds into double play, 6-4-3 (Groundball, 6, EV 90.0 MPH)
|
Bottom of the 1st over - 0 runs, 0 hits, 0 errors, 0 left on base; University of California 0 - Arizona State University 0 |
TOP OF THE 2ND |
University of California Golden Bears batting - Pitching for Arizona State University Sun Devils : LHP Drew Huckeba
|
Batting: RHB Tyler West
|
0-0: Ball 1-0: Ball 2-0: Called Strike 2-1: Ground out 2-3 (Groundball, 15S, EV 70.6 MPH)
|
Batting: RHB Eddie Zamora
|
0-0: Ball 1-0: Called Strike 1-1: Called Strike 1-2: Strikes out looking
|
Batting: RHB Dusty Camelli
|
0-0: Ball 1-0: Called Strike 1-1: Called Strike 1-2: Strikes out swinging
|
Top of the 2nd over - 0 runs, 0 hits, 0 errors, 0 left on base; University of California 0 - Arizona State University 0 |
BOTTOM OF THE 2ND |
Arizona State University Sun Devils batting - Pitching for University of California Golden Bears : LHP Nick Martin
|
Batting: RHB Sean Tanner
|
0-0: Ball 1-0: Called Strike 1-1: Ball 2-1: Swinging Strike 2-2: Strikes out swinging
|
Batting: SHB Suljo Dokic
|
0-0: Foul Ball, location: 2F 0-1: Ball 1-1: Swinging Strike 1-2: Strikes out swinging
|
Batting: RHB Kaleb Yerger
|
0-0: Ball 1-0: Swinging Strike 1-1: Ball 2-1: Ball 3-1: Base on Balls
|
Batting: RHB Ken Gadberry
|
0-0: Ball 1-0: Foul Ball, location: 2F 1-1: Ball 2-1: Ball 3-1: Foul Ball, location: 2F 3-2: Foul Ball, location: 2F 3-2: SINGLE (Line Drive, 9S, EV 105.6 MPH) Kaleb Yerger to second Kaleb Yerger to third
|
Batting: RHB John DeVillier
|
0-0: Ball 1-0: Ground out 3-1 (Groundball, 34S, EV 85.6 MPH)
|
Bottom of the 2nd over - 0 runs, 1 hit, 0 errors, 2 left on base; University of California 0 - Arizona State University 0 |
TOP OF THE 3RD |
University of California Golden Bears batting - Pitching for Arizona State University Sun Devils : LHP Drew Huckeba
|
Batting: RHB Andrew DeRicco
|
0-0: Ground out 4-3 (Groundball, 34, EV 101.3 MPH)
|
Batting: RHB Alex Vasquez
|
0-0: Ball 1-0: Reached on error, E9 (Flyball, 89S, EV 90.6 MPH)
|
Batting: RHB Nick Martin
|
0-0: Sac Bunt to 3S - play at first, batter OUT! 3-4 Alex Vasquez to second
|
Batting: LHB Jamel Alexander
|
0-0: Ground out 6-3 (Groundball, 6, EV 106.3 MPH)
|
Top of the 3rd over - 0 runs, 0 hits, 1 error, 1 left on base; University of California 0 - Arizona State University 0 |
BOTTOM OF THE 3RD |
Arizona State University Sun Devils batting - Pitching for University of California Golden Bears : LHP Nick Martin
|
Batting: LHB Drew Huckeba
|
0-0: Ball 1-0: Ball 2-0: Called Strike 2-1: Foul Ball, location: 2F 2-2: Foul Ball, location: 2F 2-2: Ball 3-2: DOUBLE (Groundball, 5L, EV 97.5 MPH)
|
Batting: LHB Brent Dutcher
|
0-0: Called Strike 0-1: Foul Ball, location: 2F 0-2: Ball 1-2: Strikes out swinging
|
Batting: RHB Preston Deakyne
|
0-0: Ball 1-0: Foul Ball, location: 2F 1-1: Ball 2-1: Called Strike 2-2: Foul Ball, location: 2F 2-2: Ball 3-2: Foul Ball, location: 2F 3-2: Base on Balls
|
Batting: LHB Brian Newton
|
0-0: Grounds into double play, 4-6-3 (Groundball, 4, EV 91.9 MPH)
|
Bottom of the 3rd over - 0 runs, 1 hit, 0 errors, 1 left on base; University of California 0 - Arizona State University 0 |
TOP OF THE 4TH |
University of California Golden Bears batting - Pitching for Arizona State University Sun Devils : LHP Drew Huckeba
|
Batting: RHB Mike Jones
|
0-0: Called Strike 0-1: Ball 1-1: Ball 2-1: Hit by Pitch
|
Batting: LHB Corey Lewis
|
0-0: Ball 1-0: Swinging Strike 1-1: Foul Ball, location: 2F 1-2: Ball 2-2: Foul Ball, location: 2F 2-2: Ball 3-2: 2-RUN HOME RUN (Flyball, 9D, EV 88.8 MPH), Distance : 383 ft
|
Batting: RHB Tyler West
|
0-0: Ball 1-0: Ball 2-0: Ball 3-0: Called Strike 3-1: Foul Ball, location: 2F 3-2: Foul Ball, location: 2F 3-2: Ground out 5-3 (Groundball, 5D, EV 101.9 MPH)
|
Batting: RHB Eddie Zamora
|
0-0: Ball 1-0: Ball 2-0: Ball 3-0: Called Strike 3-1: Foul Ball, location: 2F 3-2: Foul Ball, location: 2F 3-2: Foul Ball, location: 2F 3-2: Foul Ball, location: 2F 3-2: Foul Ball, location: 2F 3-2: Ground out 6-3 (Groundball, 56, EV 106.9 MPH)
|
Batting: RHB Dusty Camelli
|
0-0: Ball 1-0: Ball 2-0: SINGLE (Groundball, 34S, EV 83.1 MPH) (infield hit)
|
Batting: RHB Andrew DeRicco
|
0-0: Reached on error, E4 (Groundball, 4, EV 84.4 MPH) Dusty Camelli to third
|
Batting: RHB Alex Vasquez
|
0-0: Intentional Walk
|
Batting: RHB Nick Martin
|
0-0: Foul Ball, location: 2F 0-1: Ball 1-1: Ball 2-1: Foul Ball, location: 2F 2-2: Ball 3-2: Strikes out swinging wild pitch, reaches first! Dusty Camelli scores Andrew DeRicco to third Alex Vasquez to second
|
Batting: LHB Jamel Alexander
|
0-0: Called Strike 0-1: SINGLE (Groundball, 4D, EV 99.4 MPH) Andrew DeRicco scores Alex Vasquez to third Nick Martin to second
|
Batting: RHB Mike Jones
|
0-0: Called Strike 0-1: Ball 1-1: Fielders Choice at 2nd, 6-4 (Groundball, 6, EV 78.8 MPH)
|
Top of the 4th over - 4 runs, 3 hits, 1 error, 3 left on base; University of California 4 - Arizona State University 0 |
BOTTOM OF THE 4TH |
Arizona State University Sun Devils batting - Pitching for University of California Golden Bears : LHP Nick Martin
|
Batting: RHB Sean Tanner
|
0-0: Called Strike 0-1: Ball 1-1: Ball 2-1: Ball 3-1: Base on Balls
|
Batting: SHB Suljo Dokic
|
0-0: Ball 1-0: Ball 2-0: Swinging Strike 2-1: Ball 3-1: Foul Ball, location: 2F 3-2: Foul Ball, location: 2F 3-2: Strikes out swinging
|
Batting: RHB Kaleb Yerger
|
0-0: Ball 1-0: Ball 2-0: Called Strike 2-1: Ball 3-1: Foul Ball, location: 2F 3-2: Strikes out swinging
|
Pitching: LHP Jason Salzer
|
|
Batting: RHB Ken Gadberry
|
0-0: Swinging Strike 0-1: Foul Ball, location: 2F 0-2: Foul Ball, location: 2F 0-2: Ground out U3 (Groundball, 3, EV 102.5 MPH)
|
Bottom of the 4th over - 0 runs, 0 hits, 0 errors, 1 left on base; University of California 4 - Arizona State University 0 |
TOP OF THE 5TH |
University of California Golden Bears batting - Pitching for Arizona State University Sun Devils : LHP Drew Huckeba
|
Batting: LHB Corey Lewis
|
0-0: Ball 1-0: Called Strike 1-1: Foul Ball, location: 2F 1-2: Ball 2-2: Fly out, F7 (Flyball, 7LS, EV 86.3 MPH)
|
Pitching: RHP Johnathan Starr
|
|
Batting: RHB Tyler West
|
0-0: SOLO HOME RUN (Flyball, 7D, EV 98.8 MPH), Distance : 363 ft
|
Batting: RHB Eddie Zamora
|
0-0: Ball 1-0: Ball 2-0: Called Strike 2-1: Ball 3-1: Base on Balls
|
Batting: RHB Dusty Camelli
|
0-0: Foul Ball, location: 2F 0-1: Ball 1-1: Called Strike 1-2: Strikes out looking
|
Batting: RHB Andrew DeRicco
|
0-0: Fly out, F8 (Flyball, 8LD, EV 100.0 MPH)
|
Top of the 5th over - 1 run, 1 hit, 0 errors, 1 left on base; University of California 5 - Arizona State University 0 |
BOTTOM OF THE 5TH |
Arizona State University Sun Devils batting - Pitching for University of California Golden Bears : LHP Jason Salzer
|
Batting: RHB John DeVillier
|
0-0: Ball 1-0: Foul Ball, location: 2F 1-1: Foul Ball, location: 2F 1-2: Ball 2-2: Ball 3-2: Base on Balls
|
Batting: RHB Johnathan Starr
|
0-0: Sac Bunt to 2L - play at first, batter OUT! 2-4 John DeVillier to second
|
Batting: LHB Brent Dutcher
|
0-0: Ball 1-0: Foul Ball, location: 2F 1-1: Foul Ball, location: 2F 1-2: Strikes out looking
|
Batting: RHB Preston Deakyne
|
0-0: Reached on error, E5 (Groundball, 5L, EV 100.0 MPH) John DeVillier to third
|
Batting: LHB Brian Newton
|
0-0: SINGLE (Line Drive, 7LS, EV 112.5 MPH) John DeVillier scores Preston Deakyne to second
|
Batting: RHB Sean Tanner
|
0-0: Called Strike 0-1: Ball 1-1: Foul Ball, location: 2F 1-2: Ball 2-2: Ball 3-2: TRIPLE (Line Drive, 89XD, EV 104.4 MPH) Preston Deakyne scores Brian Newton scores
|
Batting: SHB Suljo Dokic
|
0-0: Swinging Strike 0-1: Ball 1-1: Ball 2-1: Foul Ball, location: 2F 2-2: Ball 3-2: Ground out 6-3 (Groundball, 6, EV 87.5 MPH)
|
Bottom of the 5th over - 3 runs, 2 hits, 1 error, 1 left on base; University of California 5 - Arizona State University 3 |
TOP OF THE 6TH |
University of California Golden Bears batting - Pitching for Arizona State University Sun Devils : RHP Johnathan Starr
|
Batting: RHB Alex Vasquez
|
0-0: Ground out 6-3 (Groundball, 6, EV 98.8 MPH)
|
Pinch Hitting: RHB Travis Petrick
|
0-0: Ball 1-0: Ball 2-0: Called Strike 2-1: SOLO HOME RUN (Flyball, 7LD, EV 103.1 MPH), Distance : 361 ft
|
Batting: LHB Jamel Alexander
|
0-0: Called Strike 0-1: Ball 1-1: DOUBLE (Line Drive, 89D, EV 98.1 MPH)
|
Pinch Runner at 2nd R.J. Romberg:
|
|
Batting: RHB Mike Jones
|
0-0: Intentional Walk
|
Batting: LHB Corey Lewis
|
0-0: Swinging Strike 0-1: Ball 1-1: Foul Ball, location: 2F 1-2: Ball 2-2: Ball 3-2: Foul Ball, location: 2F 3-2: Foul Ball, location: 2F 3-2: SINGLE (Groundball, 34S, EV 93.8 MPH) R.J. Romberg to third Mike Jones to second
|
Batting: RHB Tyler West
|
0-0: Ball 1-0: Ball 2-0: Ball 3-0: Called Strike 3-1: Base on Balls R.J. Romberg scores Mike Jones to third Corey Lewis to second
|
Batting: RHB Eddie Zamora
|
0-0: SINGLE (Groundball, 6MD, EV 96.9 MPH) Mike Jones scores Corey Lewis to third Tyler West to second Runner from 3rd tries for Home, SAFE, throw by CF to home
|
Pitching: RHP Dan Keener
|
|
Batting: RHB Dusty Camelli
|
0-0: Ball 1-0: Ball 2-0: Fly out, F3 (Line Drive, 3, EV 74.4 MPH)
|
Batting: RHB Andrew DeRicco
|
0-0: Called Strike 0-1: Fly out, F7 (Flyball, 7LS, EV 86.9 MPH)
|
Top of the 6th over - 4 runs, 4 hits, 0 errors, 2 left on base; University of California 9 - Arizona State University 3 |
BOTTOM OF THE 6TH |
Arizona State University Sun Devils batting - Pitching for University of California Golden Bears : LHP Jason Salzer
|
Pitching: RHP Chris Newton
|
|
Now in CF: Travis Petrick
|
|
Batting: RHB Kaleb Yerger
|
0-0: Foul Ball, location: 2F 0-1: Ball 1-1: Called Strike 1-2: Fly out, F7 (Flyball, 7, EV 95.6 MPH)
|
Batting: RHB Ken Gadberry
|
0-0: Called Strike 0-1: Ball 1-1: Ball 2-1: Ball 3-1: Foul Ball, location: 2F 3-2: Fly out, F3 (Popup, 3SF, EV 64.4 MPH)
|
Batting: RHB John DeVillier
|
0-0: Called Strike 0-1: Ball 1-1: Swinging Strike 1-2: Foul Ball, location: 2F 1-2: Ball 2-2: Ball 3-2: Foul Ball, location: 2F 3-2: Strikes out looking
|
Bottom of the 6th over - 0 runs, 0 hits, 0 errors, 0 left on base; University of California 9 - Arizona State University 3 |
TOP OF THE 7TH |
University of California Golden Bears batting - Pitching for Arizona State University Sun Devils : RHP Dan Keener
|
Batting: RHB Alex Vasquez
|
0-0: Fly out, F9 (Flyball, 9D, EV 102.5 MPH)
|
Batting: RHB Travis Petrick
|
0-0: Ball 1-0: Foul Ball, location: 2F 1-1: Ball 2-1: Swinging Strike 2-2: Foul Ball, location: 2F 2-2: Ball 3-2: Fly out, F7 (Flyball, 7, EV 89.4 MPH)
|
Pinch Hitting: RHB Hector Maldonado
|
0-0: SINGLE (Groundball, 56D, EV 104.4 MPH)
|
Batting: RHB Mike Jones
|
0-0: Called Strike 0-1: Fly out, F9 (Line Drive, 9, EV 95.0 MPH)
|
Top of the 7th over - 0 runs, 1 hit, 0 errors, 1 left on base; University of California 9 - Arizona State University 3 |
BOTTOM OF THE 7TH |
Arizona State University Sun Devils batting - Pitching for University of California Golden Bears : RHP Chris Newton
|
Pitching: RHP William McCabe
|
|
Pinch Hitting: RHB Josh Kimbrell
|
0-0: SINGLE (Groundball, 3D, EV 98.8 MPH)
|
Batting: LHB Brent Dutcher
|
0-0: Ball 1-0: Ball 2-0: Foul Ball, location: 2F 2-1: Foul Ball, location: 2F 2-2: Ball 3-2: Fly out, F8 (Flyball, 8RD, EV 92.5 MPH)
|
Batting: RHB Preston Deakyne
|
0-0: Ball 1-0: Ball 2-0: Called Strike 2-1: Fly out, F3 (Popup, 3F, EV 65.6 MPH)
|
Batting: LHB Brian Newton
|
0-0: Fly out, F5 (Popup, 56, EV 62.5 MPH)
|
Bottom of the 7th over - 0 runs, 1 hit, 0 errors, 1 left on base; University of California 9 - Arizona State University 3 |
TOP OF THE 8TH |
University of California Golden Bears batting - Pitching for Arizona State University Sun Devils : RHP Dan Keener
|
Pitching: RHP Brian Wood
|
|
Batting: LHB Corey Lewis
|
0-0: Ball 1-0: Ball 2-0: Ball 3-0: Base on Balls
|
Batting: RHB Tyler West
|
0-0: Swinging Strike Corey Lewis steals 2nd base 0-1: Foul Ball, location: 2F 0-2: Ball 1-2: DOUBLE (Flyball, 8LXD, EV 94.4 MPH) Corey Lewis scores
|
Batting: RHB Eddie Zamora
|
0-0: Ground out 5-3 (Groundball, 56, EV 86.3 MPH)
|
Batting: RHB Dusty Camelli
|
0-0: SINGLE (Groundball, 34D, EV 95.0 MPH) Tyler West to third
|
Batting: RHB Andrew DeRicco
|
0-0: Ball 1-0: Called Strike 1-1: SINGLE (Line Drive, 56, EV 104.4 MPH) Tyler West scores Dusty Camelli to second
|
Batting: RHB Alex Vasquez
|
0-0: Ball 1-0: Swinging Strike 1-1: Foul Ball, location: 2F 1-2: Strikes out looking
|
Batting: RHB Travis Petrick
|
0-0: Swinging Strike 0-1: Ball 1-1: Ball 2-1: Foul Ball, location: 2F 2-2: Foul Ball, location: 2F 2-2: Foul Ball, location: 2F 2-2: Ball 3-2: Foul Ball, location: 2F 3-2: Ground out 4-3 (Groundball, 4, EV 79.4 MPH)
|
Top of the 8th over - 2 runs, 3 hits, 0 errors, 2 left on base; University of California 11 - Arizona State University 3 |
BOTTOM OF THE 8TH |
Arizona State University Sun Devils batting - Pitching for University of California Golden Bears : RHP William McCabe
|
Batting: RHB Sean Tanner
|
0-0: Called Strike 0-1: Swinging Strike 0-2: Strikes out swinging
|
Pinch Hitting: RHB Matt Keef
|
0-0: Ground out 4-3 (Groundball, 4, EV 109.4 MPH)
|
Batting: RHB Kaleb Yerger
|
0-0: Called Strike 0-1: Ball 1-1: Swinging Strike 1-2: Strikes out swinging
|
Bottom of the 8th over - 0 runs, 0 hits, 0 errors, 0 left on base; University of California 11 - Arizona State University 3 |
TOP OF THE 9TH |
University of California Golden Bears batting - Pitching for Arizona State University Sun Devils : RHP Brian Wood
|
Now at 1B: James Sousa
|
|
Pinch Hitting: LHB Ryan Anderson
|
0-0: Called Strike 0-1: Ball 1-1: Ball 2-1: Called Strike 2-2: Ball 3-2: Foul Ball, location: 2F 3-2: Base on Balls
|
Pitching: LHP Sean Cerna
|
|
Batting: RHB Mike Jones
|
0-0: Foul Ball, location: 2F 0-1: Foul Ball, location: 2F 0-2: Strikes out swinging
|
Batting: LHB Corey Lewis
|
0-0: Called Strike Pickoff Throw to First - Out! 1-3 0-1: Ground out U3 (Groundball, 3, EV 88.8 MPH)
|
Top of the 9th over - 0 runs, 0 hits, 0 errors, 0 left on base; University of California 11 - Arizona State University 3 |
BOTTOM OF THE 9TH |
Arizona State University Sun Devils batting - Pitching for University of California Golden Bears : RHP William McCabe
|
Pitching: LHP T.J. Epley
|
|
Batting: RHB Ken Gadberry
|
0-0: Swinging Strike 0-1: Called Strike 0-2: Ball 1-2: Strikes out looking
|
Batting: RHB John DeVillier
|
0-0: Called Strike 0-1: Ball 1-1: Called Strike 1-2: Ground out 6-3 (Groundball, 6, EV 90.6 MPH)
|
Pinch Hitting: RHB Bobby Bowman
|
0-0: Ball 1-0: Swinging Strike 1-1: Ground out 6-3 (Groundball, 56, EV 86.9 MPH)
|
Bottom of the 9th over - 0 runs, 0 hits, 0 errors, 0 left on base; University of California 11 - Arizona State University 3 |
|